 Dungeon Crawl Stone Soup version 0.31-a0-369-g8eba5f6939 (webtiles) character file.

Game seed: 7771712575173826950

6298 floatRand the Martial Artist (level 10, -12/71 HPs)
             Began as a Pale Draconian Shapeshifter on July 29, 2023.
             Was an Elder of Wu Jian.
             Mangled by a centaur warrior
             ... wielding a +4 war axe of electrocution
              (21 damage)
             ... on level 9 of the Dungeon.
             The game lasted 00:12:14 (7669 turns).

floatRand the Martial Artist (DrSh)                 Turns: 7669, Time: 00:12:14

Health: -12/71     AC:  7    Str: 17    XL:     10   Next: 63%
Magic:  10/10      EV: 12    Int:  8    God:    Wu Jian [****..]
Gold:   446        SH:  0    Dex: 17    Spells: 9/9 levels left

rFire   . .          .
                       - Unarmed
rCold   + . .        (no shield)
rNeg    . . .        (body armour unavailable)
rPois   .            (helmet currently unavailable)
rElec   .            (cloak currently unavailable)
rCorr   +            (gloves currently unavailable)
SInv    .            (boots currently unavailable)
Will    .....        o - amulet of faith
Stlth   ++           s - ring of protection from cold
HPRegen 0.31/turn    l - ring of resist corrosion
MPRegen 0.12/turn

%: faith
@: short of breath, beast-form
A: beast (slay +6), breathe steam, AC +7, unfitting armour, cold-blooded, steam
resistance
a: Breathe Steam, Begin Untransformation, Renounce Religion, Wall Jump,
Serpent's Lash


You were on level 9 of the Dungeon.
You worshipped Wu Jian.
Wu Jian was greatly pleased with you.
You were a hulking beast.
You visited 1 branch of the dungeon, and saw 9 of its levels.

You collected 544 gold pieces.
You spent 98 gold pieces at shops.

Inventory:

Missiles
 c - 4 silver javelins
Armour
 v - a +0 cloak
Jewellery
 d - a ring of wizardry
 l - a ring of resist corrosion (right hand)
 o - an amulet of faith (around neck)
 s - a ring of protection from cold (left hand)
 u - a +6 ring of dexterity
Talismans
 b - a beast talisman
 q - a serpent talisman
Wands
 h - a wand of flame (18)
 z - a wand of polymorph (9)
Scrolls
 e - a scroll of blinking
 i - a scroll of enchant weapon
 j - a scroll of identify
 k - 2 scrolls of immolation
 m - 2 scrolls of teleportation
 w - 3 scrolls of fear
 x - 2 scrolls of fog
 y - a scroll of poison
Potions
 a - 2 potions of lignification
 f - a potion of resistance
 g - a potion of attraction
 p - a potion of curing
 r - a potion of enlightenment
 t - 3 potions of haste
 A - a potion of cancellation


   Skills:
 - Level 1.1 Fighting
 - Level 1.7 Dodging
 * Level 13.4 Unarmed Combat
 + Level 8.5 Shapeshifting


You had 9 spell levels left.
You didn't know any spells.
Your spell library contained the following spells:

 Spells                   Type           Power      Damage    Failure   Level
 Freeze                   Ice            0%         1d3       41%         1
 Frozen Ramparts          Ice            0%         1d1       78%         3
 Hailstorm                Conj/Ice       0%         3d3       78%         3
 Vhi's Electric Charge    Tloc/Air       0%         N/A       78%         3
 Arcjolt                  Conj/Air       0%         1d10      100%        5
 Plasma Beam              Fire/Air       0%         2x1d10    100%        6


Dungeon Overview and Level Annotations

Branches:
Dungeon (9/15)             Temple (0/1) D:4
   Lair: D:8-11         Orc: D:9-12

Altars:
Ashenzari
Cheibriados
Gozag
Hepliaklqana
Qazlal
Sif Muna
Trog
Vehumet
Wu Jian
Xom
Yredelemnul
Zin
The Shining One

Shops:
D:7 *   D:8 :[!??

Annotations:
D:6 2 runed translucent doors, Tenar's ghost, novice DsFi
D:8 2 transporters


Innate Abilities, Weirdness & Mutations

You are a hulking beast.
Your limbs bulge with bestial killing power. (Slay +6)
You can breathe blasts of scalding, opaque steam.
Your pale cyan-grey scales are hard. (AC +7)
You cannot fit into any form of body armour.
You are cold-blooded and may be slowed by cold attacks.
You are immune to the effects of steam.


Message History

* * * LOW HITPOINT WARNING * * *
You are electrocuted!
* * * LOW HITPOINT WARNING * * *
The centaur warrior barely misses you.
A boulder beetle comes into view.
You feel much better.
The centaur warrior hits you with a +4 war axe of electrocution!
* * * LOW HITPOINT WARNING * * *
The centaur warrior kicks you but does no damage.
The centaur warrior hits you with a +4 war axe of electrocution!
* * * LOW HITPOINT WARNING * * *
The centaur warrior barely misses you.
Okay, then.
Blink to where?
Press: ? - help, Dir - move target, p - centaur warrior
As you read the scroll of blinking, it crumbles to dust.
The centaur warrior is engulfed in a cloud of scalding steam.
You close the door, pushing everything out of the way.
You are confused.
You feel invigorated.
Something unseen opens the door.
Unknown command.
Unknown command.
You feel better.
You feel less invigorated. The centaur warrior barely misses you.
The centaur warrior kicks you.
* * * LOW HITPOINT WARNING * * *
The centaur warrior misses you.
The centaur warrior kicks you but does no damage.
Unknown command.
You barely miss the centaur warrior.
You tail-slap the centaur warrior, but do no damage.
You punch the centaur warrior!
The centaur warrior is almost dead.
The centaur warrior hits you with a +4 war axe of electrocution!
* * * LOW HITPOINT WARNING * * *
The centaur warrior kicks you but does no damage.
You punch the centaur warrior!
You tail-slap the centaur warrior, but do no damage.
The centaur warrior is almost dead.
The centaur warrior hits you with a +4 war axe of electrocution!!
You die...

#.......'. #.....y.#.
#.......' #.......#
#.......#
#.......###########..
#?#
#.....c.....)))......
..#
#....>.###.##c###......
###.#.#.§..#.#.#h...#
.....
......#.§..#.###....#
....
#####.#....#........#
...
......#....#....(...#
..
#.#####....#........# #
..#..##....#........###
###.#.#....'..........#
.).#..#....#..........#
....#.#....#..........#


You could see a centaur warrior.

Vanquished Creatures
  2 two-headed ogres
  Maggie (D:7)
  A troll (D:9)
  Sigmund (D:4)
  A shadow (D:9)
  3 wyverns
  2 yaks (D:9)
  A steam dragon (D:8)
  Grum (D:8)
  An acid dragon (D:7)
  2 orc warriors
  A black bear (D:5)
  4 wolves (D:8)
  A centaur (D:7)
  2 ogres
  2 phantoms (D:5)
  Blork the orc (D:4)
  A kobold brigand (D:9)
  2 bullfrogs (D:8)
  4 scorpions
  9 wights
  7 killer bees
  A howler monkey (D:9)
  2 electric eels (D:8)
  7 orc priests
  3 hounds
  2 jellies
  A gnoll bouda (D:6)
  2 iguanas
  4 orc wizards
  Robin (D:3)
  6 gnolls
  7 adders
  3 white imps (D:6)
  2 ufetubi (D:5)
  A dart slug (D:4)
  32 orcs
  8 ball pythons
  16 endoplasms
  5 giant cockroaches
  8 goblins
  7 hobgoblins
  7 jackals (D:2)
  5 quokkas
  5 bats
  8 frilled lizards
  5 kobolds
  4 rats
202 creatures vanquished.

Vanquished Creatures (others)
  A gnoll (D:6)
  A white imp (D:6)
2 creatures vanquished.

Grand Total: 204 creatures vanquished

Notes
Turn   | Place    | Note
-------+----------+-------------------------------------------
     0 | D:1      | floatRand the Draconian Shapeshifter began the quest for
                  | the Orb.
     0 | D:1      | Reached XP level 1. HP: 16/16 MP: 1/1
   138 | D:1      | You fall into a shaft and drop 1 floor!
   258 | D:2      | Reached XP level 2. HP: 22/23 MP: 2/2
   308 | D:2      | Found a faded altar of an unknown god.
   389 | D:2      | Reached XP level 3. HP: 24/28 MP: 3/3
   522 | D:2      | Reached skill level 4 in Unarmed Combat
   969 | D:1      | Reached XP level 4. HP: 23/35 MP: 4/4
  1522 | D:3      | Noticed Robin
  1528 | D:3      | Killed Robin
  1758 | D:3      | Reached skill level 5 in Unarmed Combat
  1758 | D:3      | Reached XP level 5. HP: 28/40 MP: 5/5
  1884 | D:3      | Found an ornate altar of the Wu Jian Council.
  2042 | D:3      | Became a worshipper of the Wu Jian Council
  2056 | D:4      | Noticed an ogre
  2144 | D:4      | Found a staircase to the Ecumenical Temple.
  2450 | D:4      | Noticed Sigmund
  2460 | D:4      | Killed Sigmund
  2461 | D:4      | Reached skill level 6 in Unarmed Combat
  2461 | D:4      | Reached XP level 6. HP: 33/47 MP: 6/6
  2584 | D:4      | Reached * piety under Wu Jian
  2682 | D:4      | Noticed Blork the orc
  2694 | D:4      | Killed Blork the orc
  2695 | D:4      | Your scales start taking on a pale cyan-grey colour.
  2695 | D:4      | Reached XP level 7. HP: 28/52 MP: 7/7
  2695 | D:4      | Gained mutation: You are immune to the effects of steam.
                  | [Pale Draconian growth]
  2794 | D:4      | Identified the +8 whip of Uncomfortable Rashes {flame,
                  | rPois}
  2803 | D:4      | Reached skill level 7 in Unarmed Combat
  3003 | D:4      | Found a basalt altar of Yredelemnul.
  3085 | D:5      | Entered Level 5 of the Dungeon
  3112 | D:5      | Found a stormy altar of Qazlal.
  3213 | D:5      | Reached skill level 5 in Shapeshifting
  3240 | D:5      | Found a glowing golden altar of the Shining One.
  3252 | D:5      | Found a snail-covered altar of Cheibriados.
  3389 | D:5      | Reached skill level 8 in Unarmed Combat
  3398 | D:5      | Reached XP level 8. HP: 46/59 MP: 8/8
  3724 | D:6      | Found an opulent altar of Gozag.
  3727 | D:6      | Reached ** piety under Wu Jian
  3839 | D:6      | Found a hazy altar of Hepliaklqana.
  3928 | D:6      | Found a radiant altar of Vehumet.
  3955 | D:6      | Reached skill level 9 in Unarmed Combat
  4276 | D:6      | Found a runed translucent door.
  4281 | D:6      | Noticed Tenar's ghost (novice DsFi)
  4326 | D:6      | Found a runed translucent door.
  4768 | D:7      | Found a shimmering blue altar of Sif Muna.
  5079 | D:7      | Reached skill level 10 in Unarmed Combat
  5079 | D:7      | Reached XP level 9. HP: 41/64 MP: 9/9
  5352 | D:7      | Noticed Maggie
  5368 | D:7      | Killed Maggie
  5725 | D:7      | Found Qaubbiargh's General Store.
  5733 | D:7      | Bought a scroll of noise for 12 gold pieces
  5733 | D:7      | Bought a potion of heal wounds for 60 gold pieces
  5783 | D:7      | Found a glowing silver altar of Zin.
  5971 | D:8      | Found a broken altar of Ashenzari.
  6069 | D:8      | Reached *** piety under Wu Jian
  6077 | D:8      | Reached skill level 11 in Unarmed Combat
  6131 | D:8      | Noticed a two-headed ogre
  6157 | D:8      | Killed a two-headed ogre
  6190 | D:8      | Found a shimmering altar of Xom.
  6193 | D:8      | Found a bloodstained altar of Trog.
  6231 | D:8      | Found a transporter.
  6234 | D:8      | Reached skill level 12 in Unarmed Combat
  6249 | D:8      | Found a transporter.
  6276 | D:8      | Reached XP level 10. HP: 68/71 MP: 10/10
  6314 | D:8      | Noticed Grum
  6331 | D:8      | Killed Grum
  6622 | D:8      | Found Fudo's Antique Armour Shop.
  6622 | D:8      | Found Xuider's Book Emporium.
  6629 | D:8      | Found Ruidwe's Distillery.
  6631 | D:8      | Found Messuech's Magic Scroll Shop.
  6631 | D:8      | Found Aguune's Magic Scroll Emporium.
  6809 | D:8      | Bought a scroll of identify for 26 gold pieces
  7343 | D:9      | Noticed a two-headed ogre
  7351 | D:9      | Killed a two-headed ogre
  7352 | D:9      | Reached skill level 13 in Unarmed Combat
  7411 | D:9      | Noticed a cyclops
  7481 | D:9      | Reached **** piety under Wu Jian
  7548 | D:9      | Noticed a cyan ugly thing
  7548 | D:9      | Noticed a red ugly thing
  7654 | D:9      | Noticed a centaur warrior
  7660 | D:9      | HP: 3/71 [centaur warrior/+4 war axe of electrocution (8)]
  7660 | D:9      | Noticed a boulder beetle
  7669 | D:9      | Mangled by a centaur warrior

Illustrated notes

Levels and vault maps discovered:
D:1:      dpeg_arrival_court, layout_rooms
D:2:      layout_rooms, nicolae_ecumenical_oubliette
D:3:      layout_basic, nzn_wu_jian_council_hall, uniq_robin
D:4:      layout_cave_pools, nicolae_overflow_hidden_temple,
          minmay_temple_entry_gardened_gates, minmay_crossroads,
          uniq_blork_the_orc, uniq_sigmund
D:5:      layout_basic, nicolae_qazlal_eye_of_the_storm,
          grunt_temple_overflow_open
D:6:      layout_loops_ring, nicolae_gozag_cash_rules_everything_around_me,
          amcnicky_altar_gilded, fiery_altar_vehumet, ebering_ghost_sewer_f,
          minmay_misc_feat_pillars, serial_bayou_pond_e, grunt_ministairs_2
D:7:      layout_loops_corners, pf_just_have_faith, zin_statuary, serial_shops,
          shop, kennysheep_generic_room_12, uniq_maggie
D:8:      gammafunk_steamed_eel, layout_loops_ring,
          chequers_temple_overflow_statue_of_worship,
          cheibrodos_ashenzari_chains, wad_floor_pattern_2,
          nicolae_wooded_promenade, uniq_grum
D:9:      minmay_the_grid_3x3 [minmay_the_grid_plusring, minmay_the_grid_slots,
          minmay_the_grid_all_tris, minmay_the_grid_outer_circle,
          minmay_the_grid_fan, minmay_the_grid_spin_star,
          minmay_the_grid_holed_spiral, minmay_the_grid_broken_lines,
          minmay_the_grid_prize_trominoes], layout_irregular_city,
          nicolae_ru_the_path_less_chosen

Skill      XL: |  1  2  3  4  5  6  7  8  9 10 |
---------------+-------------------------------+-----
Unarmed Combat | 4 5 6 8 10 12 13 | 13.4
Shapeshifting  | 4 5 6 7 8 |  8.5
Fighting       | |  1.1
Dodging        | |  1.7

Action                     |  1- 3 |  4- 6 |  7- 9 | 10-12 || total
---------------------------+-------+-------+-------+-------++-------
  Melee: Unarmed           |    82 |   139 |   169 |    69 ||   459
         Tailslap          |    10 |    16 |    19 |     9 ||    54
         Punch             |     2 |     1 |    10 |     7 ||    20
Ability: Lunge             |       |     4 |    19 |     5 ||    28
         Breathe Steam     |       |       |    20 |     6 ||    26
         Whirlwind         |       |       |     5 |     3 ||     8
    Use: Scroll            |       |       |    17 |     3 ||    20
         Potion            |       |       |     1 |     3 ||     4
   Stab: Sleeping          |       |     2 |       |       ||     2
         Distracted        |       |       |       |     1 ||     1
 Armour: Skin              |    35 |    32 |    37 |    16 ||   120
  Dodge: Dodged            |    56 |    71 |    84 |    27 ||   238

Table legend: (Time is in decaauts)
 A = Elapsed time spent in this place.
 B = Non-inter-level travel time spent in this place.
 C = Inter-level travel time spent in this place.
 D = Time resting spent in this place.
 E = Time spent auto-exploring this place.
 F = Levels seen in this place.
 G = Mean time per level.
                   A        B        C        D        E       F      G
               +--------+--------+--------+--------+--------+-----+--------+
         Total |   7613 |   7343 |    270 |   1168 |   4357 |   9 |  845.9 |
       Dungeon |   7613 |   7343 |    270 |   1168 |   4357 |   9 |  845.9 |
               +--------+--------+--------+--------+--------+-----+--------+

Top non-repeatable levels by time:
     D:7: 1210 daAuts
     D:8: 1163 daAuts
     D:6: 1120 daAuts
     D:3: 931 daAuts
     D:4: 897 daAuts
     D:1: 630 daAuts
     D:2: 607 daAuts
     D:9: 528 daAuts
     D:5: 524 daAuts
